 Dungeon Crawl Stone Soup version 0.30-a0-743-gbfdf073431 (webtiles) character file.

Game seed: 3547742285153751360

3915 Iich the Cleaver (level 10, -1/141 HPs)
             Began as a Minotaur Fighter on Feb 6, 2023.
             Was an Initiate of Gozag.
             Slain by an orc knight
             ... wielding a +0 halberd
              (10 damage)
             ... in a bailey.
             The game lasted 00:09:32 (6282 turns).

Iich the Cleaver (Minotaur Fighter)                 Turns: 6282, Time: 00:09:33

Health: -1/141     AC: 29    Str: 20    XL:     10   Next: 1%
Magic:  9/9        EV:  2    Int:  5    God:    Gozag
Gold:   563        SH:  5    Dex: 15    Spells: 9/9 levels left

rFire   . . .      SeeInvis .    I - +1 broad axe
rCold   . . .      Faith    .    c - +0 buckler
rNeg    . . .      Spirit   .    (body armour currently unavailable)
rPois   +          Reflect  .    (helmet currently unavailable)
rElec   .          Harm     .    (cloak currently unavailable)
rCorr   .          Rampage  .    (gloves currently unavailable)
Will    .....      NoTele   +    (boots currently unavailable)
Stlth   +                        (no amulet)
HPRegen 0.43/turn                t - ring of poison resistance
MPRegen 0.11/turn                L - +4 ring of protection

@: tree-form, gold aura, hasted, very quick
A: stationary, stasis, torment immunity, boosted hp, (horns 2), (retaliatory
headbutt)
a: Renounce Religion, Potion Petition, Call Merchant, Bribe Branch


You were in a bailey.
You worshipped Gozag.
Gozag was pleased with you.
You were a tree.
You visited 2 branches of the dungeon, and saw 8 of its levels.
You also visited: Bailey.

You collected 631 gold pieces.
You paid 68 gold pieces to Gozag.

Inventory:

Hand Weapons
 a - a +0 war axe
 I - a +1 broad axe (weapon)
Armour
 b - a +0 scale mail
 c - a +0 buckler (worn)
 h - a +2 pair of gloves (melded)
 i - a +0 chain mail
 j - a +1 pair of boots (melded)
 o - a +0 plate armour
 u - a +1 cloak (melded)
 w - the +5 plate armour of Hadjma (melded) {Drain Regen+ Str+8 Int-2}
   (You found it on level 3 of the Dungeon)

   Str:       It affects your strength (+8).
   Int:       It affects your intelligence (-2).
   Regen:     It increases your rate of health regeneration.
   Drain:     It drains your maximum health when unequipped.
Jewellery
 p - a ring of ice
 t - a ring of poison resistance (left branch)
 x - a ring of ice
 L - a +4 ring of protection (right branch)
Wands
 n - a wand of roots (10)
 F - a wand of polymorph (5)
 G - a wand of flame (26)
 H - a wand of digging (3)
Scrolls
 e - 2 scrolls of torment
 f - a scroll of silence
 m - 2 scrolls of teleportation
 r - a scroll of poison
 s - a scroll of fog
 y - a scroll of butterflies {unknown}
 E - a scroll of amnesia
 N - a scroll of immolation {unknown}
Potions
 d - 3 potions of might
 g - 2 potions of lignification
 l - a potion of degeneration {unknown}
 v - a potion of cancellation
 z - a potion of brilliance
 A - a potion of mutation {unknown}
 B - a potion of flight
 C - a potion of attraction {unknown}
 D - a potion of magic {unknown}
 J - a potion of invisibility {unknown}
 K - a potion of heal wounds {unknown}
 O - a potion of experience {unknown}


   Skills:
 + Level 10.6 Fighting
 * Level 14.0 Axes
 - Level 3.6 Armour
 - Level 3.6 Shields


You had 9 spell levels left.
You didn't know any spells.
Your spell library contained the following spells:

 Spells                   Type           Power      Damage    Failure   Level
 Call Canine Familiar     Summ           0%         N/A       91%         3
 Portal Projectile        Hex/Tloc       0%         N/A       91%         3
 Leda's Liquefaction      Hex/Erth       0%         N/A       100%        4


Dungeon Overview and Level Annotations

Branches:
Dungeon (7/15)             Temple (1/1) D:5          Bailey (1/1)

Altars:
Dithmenos
Fedhas
Gozag
Sif Muna
Zin
The Shining One


Innate Abilities, Weirdness & Mutations

You are a tree.
Your roots penetrate the ground, keeping you stationary.
You cannot be teleported.
You are immune to unholy pain and torment.
Your maximum health is greatly increased.
Your equipment is partially melded.
((You have a pair of horns on your head.))
((You reflexively headbutt those who attack you in melee.))


Message History

The grasping roots constrict the orc knight.
The grasping roots constrict the orc knight, but do no damage.
The roots release their grip on the orc knight.
You hit the orc knight.
The orc knight is almost dead.
You hit the orc knight.
The grasping roots constrict the orc knight.
The roots release their grip on the orc knight.
The orc knight hits you with a +0 glaive!
* * * LOW HITPOINT WARNING * * *
The orc knight hits you but does no damage.
You hit the orc knight but do no damage.
The orc knight is almost dead.
You hit the orc knight but do no damage.
You hit the orc knight but do no damage.
The orc knight is almost dead.
You hit the orc knight but do no damage.
The orc knight no longer looks unusually strong.
You block the orc knight's attack.
The orc knight hits you with a +0 halberd.
* * * LOW HITPOINT WARNING * * *
You slash the orc knight!
You kill the orc knight!
You hit the orc knight.
The orc knight hits you with a +0 halberd!
* * * LOW HITPOINT WARNING * * *
Your Axes skill increases to level 14!
You have reached level 10!
You hit the orc knight.
The orc knight is severely wounded.
You closely miss the orc knight.
The orc knight is severely wounded.
The orc knight hits you but does no damage.
You slash the orc knight!
The orc knight is almost dead.
You hit the orc knight.
The orc knight is almost dead.
The orc knight hits you with a +0 halberd!
You die...
Your body crumbles into a pile of gold.

..≈##.##≈~~~~~~~~~~~~~~~≈##.##≈..
..≈#....~~~~~~~~~~~~~~~~~))..#≈..
..≈##)∩#≈~~~~~~~~~~~~~~~≈#∩.##≈..
..≈≈#.##≈~~~~#######~~~~≈##.#≈≈..
..~≈≈)≈≈≈~~~##~~~~##~~~~≈≈≈~≈≈~..
..~~~)~~~~~##~~~~~##~~~~~~~~~~~..
..~~~~~~~~##~~#'''##~~~~~~~~~~~..
..~~~~~~~~#~~##∩)∩##~~##~~~~~~~..
..~~~~~~~##~####♣####~##~~~~~~~..
..~~~~~~~##~'.#o$.#)'~##~~~~~~~..
..~~~~~~~##~###._.###~##~~~~~~~..
..~~~~~~~##~')#}.?#)'~##~~~~~~~..
..~~~~~~~##~#########~##~~~~~~~..
..~~~~~~~~#~~##)#)##~~#~~~~~~~~..
..~~~~~~~~##~~#'#'#~~##~~~~~)~~..
..~~~~~~~~~##~~~~~~~##~~~~~~)~~..
..~≈≈~≈≈≈~~~#########~~~≈≈≈)≈≈~..


You could see an orc knight.

Vanquished Creatures
  A two-headed ogre (D:6)
  An orc knight (Bailey)
  Sigmund (D:4)
  Eustachio (D:6)
  A steam dragon (D:6)
  Edmund (D:5)
  12 orc warriors
  An ice beast (D:6)
  An ogre (D:5)
  A centaur (D:6)
  A bullfrog (D:6)
  A scorpion (D:5)
  3 hounds
  4 orc priests
  3 jellies
  6 orc wizards
  Ijyb (D:5)
  3 iguanas
  8 gnolls (D:4)
  8 adders
  A shadow imp (D:6)
  2 white imps
  35 orcs
  4 ball pythons (D:1)
  6 endoplasms
  7 giant cockroaches
  9 goblins
  6 hobgoblins
  3 jackals (D:1)
  11 kobolds
  6 quokkas
  9 bats
  5 frilled lizards
  4 rats
167 creatures vanquished.

Vanquished Creatures (others)
  A goblin (D:7)
1 creature vanquished.

Grand Total: 168 creatures vanquished

Notes
Turn   | Place    | Note
-------+----------+-------------------------------------------
     0 | D:1      | Iich the Minotaur Fighter began the quest for the Orb.
     0 | D:1      | Reached XP level 1. HP: 19/19 MP: 0/0
   114 | D:1      | Reached skill level 3 in Axes
   119 | D:1      | Reached XP level 2. HP: 27/27 MP: 1/1
   721 | D:1      | Reached XP level 3. HP: 33/33 MP: 2/2
   839 | D:2      | Reached skill level 4 in Axes
   972 | D:2      | Found a faded altar of an unknown god.
  1043 | D:2      | Reached XP level 4. HP: 41/41 MP: 3/3
  1890 | D:3      | Reached skill level 5 in Axes
  1897 | D:3      | Reached XP level 5. HP: 8/47 MP: 4/4
  1899 | D:3      | Reached skill level 5 in Fighting
  2307 | D:2      | Reached skill level 6 in Axes
  2727 | D:3      | Reached XP level 6. HP: 53/56 MP: 5/5
  2895 | D:3      | Identified the +5 plate armour of Hadjma {Drain Regen+
                  | Str+8 Int-2}
  3049 | D:4      | Noticed Sigmund
  3065 | D:4      | Killed Sigmund
  3066 | D:4      | Reached skill level 7 in Axes
  3071 | D:4      | Found a shadowy altar of Dithmenos.
  3109 | D:4      | Reached XP level 7. HP: 63/63 MP: 6/6
  3542 | D:4      | Reached skill level 8 in Axes
  4089 | D:5      | Entered Level 5 of the Dungeon
  4126 | D:5      | Identified the +0 ring mail of Etil {rPois rF++ Dex-2}
  4175 | D:5      | Noticed Edmund
  4191 | D:5      | Killed Edmund
  4409 | D:5      | Identified the +8 falchion of the Tundras {elec, rC+}
  4537 | D:5      | Reached skill level 9 in Axes
  4623 | D:5      | Noticed Ijyb
  4637 | D:5      | Killed Ijyb
  4744 | D:5      | Reached XP level 8. HP: 73/73 MP: 7/7
  4799 | D:5      | Found a staircase to the Ecumenical Temple.
  4859 | Temple   | Entered the Ecumenical Temple
  4879 | Temple   | Became a worshipper of Gozag Ym Sagoz the Greedy
  4936 | D:5      | Found a shimmering blue altar of Sif Muna.
  5017 | D:6      | Reached skill level 10 in Axes
  5292 | D:6      | Noticed Eustachio
  5304 | D:6      | Killed Eustachio
  5305 | D:6      | Reached skill level 11 in Axes
  5660 | D:6      | Found a glowing golden altar of the Shining One.
  5701 | D:6      | Noticed a two-headed ogre
  5710 | D:6      | Killed a two-headed ogre
  5711 | D:6      | Reached skill level 12 in Axes
  5711 | D:6      | Reached XP level 9. HP: 55/83 MP: 8/8
  5900 | D:7      | Found a flagged portal.
  5957 | Bailey   | Entered a bailey
  6141 | Bailey   | Reached skill level 13 in Axes
  6153 | Bailey   | Reached skill level 10 in Fighting
  6259 | Bailey   | Noticed an orc knight
  6260 | Bailey   | Noticed an orc knight
  6278 | Bailey   | Killed an orc knight
  6279 | Bailey   | Reached skill level 14 in Axes
  6279 | Bailey   | Reached XP level 10. HP: 8/94 MP: 9/9
  6282 | Bailey   | Slain by an orc knight

Illustrated notes

Levels and vault maps discovered:
D:1:      psy_arrival_heroes, layout_basic
D:2:      layout_loops_corners, chequers_ecumenical_altar_simple_redux,
          minmay_fountain_box, kennysheep_generic_room_7
D:3:      layout_rooms, hangedman_decor_growths
D:4:      layout_layer_cave, nicolae_overflow_crystal_walls, st_stairs_6,
          uniq_sigmund
D:5:      layout_cave_pods, nicolae_sif_muna_little_library,
          minmay_temple_entry_junction, minivault_27, uniq_ijyb, uniq_edmund
D:6:      layout_basic, lemuel_crystal_altar, uniq_eustachio
D:7:      layout_cave_pools, grunt_temple_overflow_lords_of_destruction,
          nemelex_diamond_rough_becter, enter_bailey_5, minmay_fire_ice_demons
Temple:   jpeg_temple_clearing
Bailey:   bailey_polearm_2, bailey

Skill      XL: |  1  2  3  4  5  6  7  8  9 |
---------------+----------------------------+-----
Axes           | 3 4 5 6 7 9 12 14 | 14.0
Fighting       | 4 5 6 7 9 10 | 10.6
Armour         | |  3.6
Shields        | |  3.6

Action                     |  1- 3 |  4- 6 |  7- 9 | 10-12 || total
---------------------------+-------+-------+-------+-------++-------
  Melee: War axe           |    68 |   118 |    88 |       ||   274
         Headbutt          |     9 |     9 |    32 |       ||    50
         Broad axe         |       |       |   150 |     4 ||   154
  Evoke: Wand              |       |       |     1 |       ||     1
    Use: Scroll            |       |     3 |     9 |       ||    12
         Potion            |       |     2 |     6 |       ||     8
   Stab: Distracted        |       |       |     1 |       ||     1
 Armour: Chain mail        |    47 |    68 |       |       ||   115
         Scale mail        |     1 |       |       |       ||     1
         Skin              |       |     2 |     3 |     1 ||     6
         Plate armour      |       |    21 |   178 |       ||   199
  Dodge: Dodged            |    34 |    33 |    77 |       ||   144
  Block: Buckler           |    14 |    21 |    40 |       ||    75

Table legend: (Time is in decaauts)
 A = Elapsed time spent in this place.
 B = Non-inter-level travel time spent in this place.
 C = Inter-level travel time spent in this place.
 D = Time resting spent in this place.
 E = Time spent auto-exploring this place.
 F = Levels seen in this place.
 G = Mean time per level.
                   A        B        C        D        E       F      G
               +--------+--------+--------+--------+--------+-----+--------+
         Total |   6390 |   6062 |    328 |    538 |   4362 |   9 |  710.0 |
       Dungeon |   5994 |   5679 |    315 |    538 |   4146 |   7 |  856.3 |
        Temple |     34 |     21 |     13 |      0 |     12 |   1 |   34.0 |
        Bailey |    361 |    361 |      0 |      0 |    204 |   1 |  361.0 |
               +--------+--------+--------+--------+--------+-----+--------+

Top non-repeatable levels by time:
     D:2: 1570 daAuts
     D:4: 1176 daAuts
     D:5: 886 daAuts
     D:6: 870 daAuts
     D:1: 800 daAuts
     D:3: 602 daAuts
  Bailey: 361 daAuts
     D:7: 87 daAuts
  Temple: 34 daAuts
